 Dungeon Crawl Stone Soup version 0.18.1-6-gd335043 (webtiles) character file.

71 Helmschank the Sneak (level 4, 0/27 HPs)
             Began as a Kobold Assassin on May 16, 2016.
             Slain by a hobgoblin
             ... wielding a +0 club
              (6 damage)
             ... on level 2 of the Dungeon.
             The game lasted 00:08:11 (1982 turns).

Helmschank the Sneak (Kobold Assassin)              Turns: 1982, Time: 00:08:12

Health: 0/27       AC:  4    Str: 10    XL:     4   Next: 47%
Magic:  4/4        EV: 15    Int:  9    God:
Gold:   143        SH:  0    Dex: 17    Spells: 0 memorised, 3 levels left

rFire  . . .     SeeInvis .     b - +0 blowgun
rCold  . . .     Gourm    .     p - +0 leather armour
rNeg   . . .     Faith    .     (shield restricted)
rPois  .         Spirit   .     (no helmet)
rElec  .         Dismiss  .     d - +0 cloak
rCorr  .         Reflect  .     (no gloves)
SustAt .         Harm     .     (no boots)
MR     .....                    (no amulet)
Stlth  +++.......               (no ring)
                                (no ring)

@: not resistant to hostile enchantments, fairly stealthy
A: carnivore 3
a: no special abilities


You were on level 2 of the Dungeon.
You were very full.

You visited 1 branch of the dungeon, and saw 3 of its levels.

You collected 143 gold pieces.

Inventory:

Hand Weapons
 a - a +2 dagger
 b - a +0 blowgun (weapon)
 l - a cursed -3 whip
Missiles
 e - 5 poisoned needles (quivered)
 f - a curare-tipped needle
 m - 21 stones
Armour
 c - a +0 robe
 d - a +0 cloak (worn)
 i - a +0 ring mail
 p - a +0 leather armour (worn)
Jewellery
 w - a cursed ring of teleportation {unknown}
Scrolls
 h - 5 scrolls of identify {unknown}
 j - a scroll of magic mapping {unknown}
 k - 3 scrolls of remove curse {unknown}
 n - a scroll of enchant weapon {unknown}
 r - a scroll of fog {unknown}
Potions
 o - 2 potions of curing {unknown}
 q - a potion of flight {unknown}
 s - a potion of cure mutation {unknown}
 t - a potion of magic {unknown}
 v - 2 potions of degeneration {unknown}
Comestibles
 g - a meat ration
 u - a royal jelly
 x - a chunk of flesh


   Skills:
 + Level 2.9 Fighting
 * Level 4.6 Short Blades
 - Level 2.1 Throwing
 + Level 2.5 Dodging
 - Level 5.3 Stealth


You had 3 spell levels left.
You didn't know any spells.

Dungeon Overview and Level Annotations

Branches:
Dungeon (3/15)

Altars:

Annotations:
D:3 Grinder


Innate Abilities, Weirdness & Mutations

You are small and have problems with some larger weapons.
You are carnivorous and can eat meat at any time.


Message History

The orc is almost dead.
The orc hits you with a club.
You take 1 damage, and have 9/27 hp.
You hit the orc but do no damage.
The orc is almost dead.
The orc hits you but does no damage.
You hit the orc.
You kill the orc!
You hit the hobgoblin but do no damage. The hobgoblin hits you with a club.
* * * LOW HITPOINT WARNING * * *
You take 4 damage, and have 5/27 hp.
You barely miss the hobgoblin. The hobgoblin barely misses you.
You see here a giant gecko corpse.
b - a +0 blowgun (weapon)
Firing (i - inventory. (,) - cycle):
e - 6 poisoned needles (quivered)
Press: ? - help, Shift-Dir - straight line, f - hobgoblin
Aim: a hobgoblin, wielding a club You shoot a poisoned needle.
The poisoned needle hits the hobgoblin.
The hobgoblin is poisoned.
The hobgoblin hits you with a club.
You die...

####.# #....#.# #############
#....# ######.# #............
#.#### #.# #......#####.
#....###### #.######......# #.
#.###.....###.............### #.
#.....###.#>...%............###.
###.......#††...................
##...####.###g..##.....##..##.
#........# #@..#########..##.
#.....#### #...# #..... #.....#
#...# #..... #.....######...#
##.### #........##...## #.#
#.....#.###.#.# #.#
#.....#..)(.#.# #.##
#.....####....# #..#
####....##....###### ##.#


You could see a hobgoblin.

Vanquished Creatures
  3 adders
  An ooze (D:2)
  A dart slug (D:1)
  2 giant geckos
  2 orcs
  3 goblins
  4 hobgoblins
  6 kobolds
  A ball python (D:2)
  6 bats
  A giant newt (D:1)
  A quokka skeleton (D:3)
  6 rats
37 creatures vanquished.

Notes
Turn   | Place    | Note
--------------------------------------------------------------
     0 | D:1      | Helmschank the Kobold Assassin began the quest for the Orb.
     0 | D:1      | Reached XP level 1. HP: 12/12 MP: 1/1
   254 | D:1      | Reached XP level 2. HP: 18/18 MP: 2/2
   715 | D:2      | Reached XP level 3. HP: 16/22 MP: 3/3
  1376 | D:3      | Noticed Grinder
  1377 | D:3      | Paralysed by Grinder for 2 turns
  1467 | D:3      | Reached XP level 4. HP: 18/27 MP: 4/4
  1982 | D:2      | Slain by a hobgoblin

Skill      XL: |  1  2  3 |
---------------+----------+-----
Short Blades   | 3 4 |  4.6
Dodging        | 2 |  2.5
Fighting       | |  2.9
Throwing       | |  2.1
Stealth        | |  5.3

Action                   |  1- 3 |  4- 6 || total
-------------------------+-------+-------++-------
Melee: Dagger            |    60 |    40 ||   100
 Fire: Blowgun           |     3 |     1 ||     4
Throw: Stone             |    13 |     2 ||    15
 Stab: Sleeping          |     6 |       ||     6
  Eat: Chunk             |    10 |     1 ||    11
Armor: Robe              |     4 |       ||     4
       Leather armour    |     8 |    11 ||    19
Dodge: Dodged            |    38 |    42 ||    80
